 Dungeon Crawl Stone Soup version 0.26-a0-670-g578ab304f5 (webtiles) character file.

Game seed: 15742378063011204046

(classic levelgen) 86 EnegeticOcto the Digger (level 4, -3/27 HPs)
             Began as a Halfling Earth Elementalist on Oct 19, 2020.
             Slain by an adder (4 damage)
             ... on level 4 of the Dungeon.
             The game lasted 00:03:39 (602 turns).

EnegeticOcto the Digger (HaEE)                       Turns: 602, Time: 00:03:40

Health: -3/27      AC:  2    Str:  9    XL:     4   Next: 78%
Magic:  6/6        EV: 15    Int: 14    God:
Gold:   60         SH:  0    Dex: 14    Spells: 0/6 levels left

rFire    . . .     SeeInvis .   a - +0 spear
rCold    . . .     Faith    .   (shield restricted)
rNeg     . . .     Spirit   .   c - +0 robe
rPois    .         Reflect  .   (no helmet)
rElec    .         Harm     .   (no cloak)
rCorr    .         Rampage  .   (no gloves)
MR       .....                  (no boots)
Stlth    ++........             (no amulet)
HPRegen  0.09/turn              (no ring)
MPRegen  0.10/turn              (no ring)

@: lethally poisoned (-3 -> -4)
A: small, mutation resistance 1
a: no special abilities


You were on level 4 of the Dungeon.
You visited 1 branch of the dungeon, and saw 5 of its levels.

You collected 60 gold pieces.

Inventory:

Hand Weapons
 a - a +0 spear (weapon)
Missiles
 f - 6 silver boomerangs (quivered)
Armour
 c - a +0 robe (worn)
Scrolls
 d - a scroll of remove curse {unknown}
 e - 2 scrolls of magic mapping {unknown}
 g - a scroll of noise {unknown}
 i - 3 scrolls of identify {unknown}
Potions
 h - a potion of haste {unknown}


   Skills:
 - Level 2.1 Dodging
 - Level 2.1 Stealth
 - Level 1.5 Spellcasting
 + Level 0.2 Conjurations
 - Level 0.5 Transmutations
 + Level 5.1 Earth Magic


You couldn't memorise any spells.
You knew the following spells:

 Your Spells              Type           Power        Failure   Level
a - Sandblast             Erth           ###...       3%          1
b - Stone Arrow           Conj/Erth      #.....       26%         3
p - Passwall              Tmut/Erth      #.......     12%         2

Your spell library contained the following spells:

 Spells                   Type           Power        Failure   Level
 Petrify                  Tmut/Erth      #.......     61%         4
 Lee's Rapid Deconstruct  Erth           ###.......   63%         5


Dungeon Overview and Level Annotations

Branches:
Dungeon (5/15)
 Temple: D:4-7

Altars:


Innate Abilities, Weirdness & Mutations

You are small and have problems with some larger weapons.
You are somewhat resistant to further mutation.


Message History

Confirm with . or Enter, or press ? or * to list all spells.
Aiming: Sandblast (safe; 3% risk of failure)
Press: ? - help, Shift-Dir - straight line, f - adder
Aim: an adder The blast of sand misses the adder.
You now have no stones remaining.
An orc comes into view. It is wielding a +0 short sword.
Casting: Sandblast (safe; 3% risk of failure)
Confirm with . or Enter, or press ? or * to list all spells.
Aiming: Sandblast (safe; 3% risk of failure)
Press: ? - help, Shift-Dir - straight line, f/p - adder
Aim: an adder You don't have any stones to cast with.
Casting: Sandblast (safe; 3% risk of failure)
Confirm with . or Enter, or press ? or * to list all spells.
Aiming: Sandblast (safe; 3% risk of failure)
Press: ? - help, Shift-Dir - straight line, f/p - adder
Aim: an adder You don't have any stones to cast with.
Throwing (i - inventory)
f - 6 silver boomerangs (quivered)
Press: ? - help, Shift-Dir - straight line, f/p - adder
Aim: an adder You throw a silver boomerang.
The orc shouts!
The silver boomerang hits the adder.
The adder is heavily wounded.
Throwing (i - inventory)
f - 6 silver boomerangs (quivered)
Press: ? - help, Shift-Dir - straight line, f/p - adder
Aim: an adder (heavily wounded)
You throw a silver boomerang.
The silver boomerang barely misses the adder.
The adder bites you but does no damage. The adder misses you.
Throwing (i - inventory)
f - 6 silver boomerangs (quivered)
Press: ? - help, Shift-Dir - straight line, f/p - adder
Aim: an adder (heavily wounded)
You throw a silver boomerang.
The silver boomerang barely misses the adder.
The adder closely misses you. The adder bites you.
You are poisoned.
The adder poisons you!
Throwing (i - inventory)
f - 6 silver boomerangs (quivered)
Press: ? - help, Shift-Dir - straight line, f/p - adder
Aim: an adder (heavily wounded)
You throw a silver boomerang.
The silver boomerang closely misses the adder.
You feel sick. The adder misses you.
An orc wizard comes into view. It is wielding a +0 dagger.
The adder bites you.
Throwing (i - inventory)
f - 6 silver boomerangs (quivered)
Press: ? - help, Shift-Dir - straight line, f/p - adder
Aim: an adder (heavily wounded)
You throw a silver boomerang.
The silver boomerang closely misses the adder.
The orc wizard shouts!
You hear a shout!
The adder misses you. The orc closely misses you.
You feel sick.
An orc comes into view. It is wielding a +0 mace.
The adder misses you.
Throwing (i - inventory)
f - 6 silver boomerangs (quivered)
Press: ? - help, Shift-Dir - straight line, f/p - adder
Aim: an adder (heavily wounded)
You throw a silver boomerang.
The silver boomerang closely misses the adder.
You feel sick. The adder completely misses you.
Throwing (i - inventory)
f - 6 silver boomerangs (quivered)
Press: ? - help, Shift-Dir - straight line, f/p - adder
Aim: an adder (heavily wounded)
You throw a silver boomerang.
The silver boomerang barely misses the adder.
The adder bites you but does no damage. The adder misses you.
Throwing (i - inventory)
f - 6 silver boomerangs (quivered)
Press: ? - help, Shift-Dir - straight line, f/p - adder
Aim: an adder (heavily wounded)
You throw a silver boomerang.
The silver boomerang closely misses the adder.
The adder misses you. The adder bites you.
* * * LOW HITPOINT WARNING * * *
Throwing (i - inventory)
f - 6 silver boomerangs (quivered)
Press: ? - help, Shift-Dir - straight line, f/p - adder
Aim: an adder (heavily wounded)
You throw a silver boomerang.
The silver boomerang hits the adder but does no damage.
The adder is heavily wounded.
The adder barely misses you. The adder bites you but does no damage.
Throwing (i - inventory)
f - 6 silver boomerangs (quivered)
Press: ? - help, Shift-Dir - straight line, f/p - adder
Aim: an adder (heavily wounded)
You throw a silver boomerang.
The silver boomerang barely misses the adder.
You feel sick. The orc closely misses you. The adder barely misses you.
You hit the orc.
The orc is moderately wounded.
The adder closely misses you. The orc hits you with a cursed +0 mace.
* * * LOW HITPOINT WARNING * * *
The orc barely misses you. The adder barely misses you.
You hit the orc.
The orc is severely wounded.
The orc hits you with a +0 short sword.
* * * LOW HITPOINT WARNING * * *
The orc misses you. The adder bites you.
You die...

#.######## #.#
########## #.#
#........# #.#
#........######'###
#.................#
..................#
..................#
......o@o...###....#####
...#####S..........#....
...o..).o...............
+##................#.#.#
............#....#.#.#†#
...................#+#<.
........................
###...................##
♣.....[..............


You could see an orc wizard, an adder and 2 orcs.

Vanquished Creatures
  A worker ant (D:2)
  A gnoll (D:1)
  An adder (D:2)
  An ooze (D:2)
  A worm (D:2)
  2 dart slugs
  2 leopard geckos (D:2)
  4 bats
  2 goblins
  2 hobgoblins
  6 jackals
  2 frilled lizards
  5 kobolds
  A rat (D:1)
31 creatures vanquished.

Notes
Turn   | Place    | Note
-------+----------+-------------------------------------------
     0 | D:1      | EnegeticOcto the Halfling Earth Elementalist began the
                  | quest for the Orb.
     0 | D:1      | Reached XP level 1. HP: 11/11 MP: 3/3
   114 | D:2      | Reached XP level 2. HP: 6/17 MP: 0/4
   181 | D:2      | Learned a level 2 spell: Passwall
   225 | D:2      | Reached skill level 4 in Earth Magic
   225 | D:2      | Reached XP level 3. HP: 7/21 MP: 0/5
   414 | D:1      | Reached XP level 4. HP: 17/27 MP: 1/6
   439 | D:2      | Reached skill level 5 in Earth Magic
   460 | D:2      | Learned a level 3 spell: Stone Arrow
   528 | D:5      | Entered Level 5 of the Dungeon
   602 | D:4      | HP: 1/27 [orc/+0 short sword (3)]
   602 | D:4      | Slain by an adder

Illustrated notes

Levels and vault maps discovered:
D:1:      evilmike_arrival_plus, layout_basic, st_stairs_4, minmay_pentomino_x2
D:2:      layout_basic, lemuel_blue_sif_altar, lexackson_kobold_supper
D:3:      layout_rooms, serial_curves, eino_curves_01, eino_curves_02,
          cheibrodos_sewer_entry_bend, kennysheep_nub, okawaru_gym_becter,
          uniq_grinder
D:4:      layout_basic, kennysheep_ying_yang, fedhas_ov_isle_minmay,
          kiku_gazebo_garden_becter, overflow_temple_1_default,
          nicolae_overflow_crystal_walls, nemelex_dance_club_becter, uniq_pikel
D:5:      kb_forest_paths, layout_basic, uniq_sigmund, uniq_crazy_yiuf_cottage,
          uniq_ijyb, uniq_blork_the_orc

Skill      XL: |  1  2  3  4 |
---------------+-------------+-----
Earth Magic    | 4 5 |  5.1
Dodging        | |  2.1
Stealth        | |  2.1
Spellcasting   | |  1.5
Conjurations   | |  0.2
Transmutations | |  0.5

Action                   |  1- 3 |  4- 6 || total
-------------------------+-------+-------++-------
Melee: Spear             |    27 |    22 ||    49
Throw: Boomerang         |     7 |    16 ||    23
 Cast: Sandblast         |    24 |    11 ||    35
Armor: Robe              |     1 |     5 ||     6
Dodge: Dodged            |    32 |    47 ||    79

Table legend: (Time is in decaauts)
 A = Elapsed time spent in this place.
 B = Non-inter-level travel time spent in this place.
 C = Inter-level travel time spent in this place.
 D = Time resting spent in this place.
 E = Time spent auto-exploring this place.
 F = Levels seen in this place.
 G = Mean time per level.
                   A        B        C        D        E       F      G
               +--------+--------+--------+--------+--------+-----+--------+
         Total |    614 |    607 |      7 |      0 |      0 |   5 |  122.8 |
       Dungeon |    614 |    607 |      7 |      0 |      0 |   5 |  122.8 |
               +--------+--------+--------+--------+--------+-----+--------+

Top non-repeatable levels by time:
     D:2: 302 daAuts
     D:1: 212 daAuts
     D:4: 87 daAuts
     D:3: 9 daAuts
     D:5: 1 daAuts
